 Dungeon Crawl Stone Soup version 0.30.1-4-g462c640d31 (webtiles) character file.

Game seed: 8890069390097653438

184 cdecastro the Changer (level 5, -1/60 HPs)
             Began as a Draconian Transmuter on Aug 10, 2023.
             Splashed by a jelly's acid (10 damage)
             ... on level 3 of the Dungeon.
             The game lasted 00:05:37 (2611 turns).

cdecastro the Changer (Draconian Transmuter)        Turns: 2611, Time: 00:05:38

Health: -1/60      AC:  6    Str: 12    XL:     5   Next: 36%
Magic:  8/8        EV:  2    Int: 15    God:
Gold:   100        SH:  0    Dex: 12    Spells: 2/8 levels left

rFire   . .          .
                       - Unarmed
rCold   . . .        (no shield)
rNeg    . . .        (body armour unavailable)
rPois   +            (helmet currently unavailable)
rElec   .            i - melded scarf {rC+ rF+}
rCorr   .            (gloves currently unavailable)
SInv    +            (boots currently unavailable)
Will    +....        (no amulet)
Stlth   +            f - ring of willpower
HPRegen 0.30/turn    g - ring of see invisible
MPRegen 0.11/turn

%: no passive effects
@: tree-form, corroded
A: stationary, stasis, torment immunity, boosted hp, AC +5, unfitting armour,
(cold-blooded)
a: no special abilities


You were on level 3 of the Dungeon.
You were a tree.
You visited 1 branch of the dungeon, and saw 3 of its levels.

You collected 100 gold pieces.

Inventory:

Hand Weapons
 b - a +0 sling of flaming
Armour
 i - a scarf of resistance (melded)
Jewellery
 e - a ring of protection from fire
 f - a ring of willpower (left branch)
 g - a ring of see invisible (right branch)
Scrolls
 d - 2 scrolls of poison {unknown}
 h - 2 scrolls of vulnerability {unknown}
 k - a scroll of noise {unknown}
 l - a scroll of fear {unknown}
 m - a scroll of brand weapon {unknown}
 n - a scroll of magic mapping {unknown}
 p - a scroll of silence {unknown}
 q - a scroll of identify {unknown}
 r - a scroll of enchant armour {unknown}
 s - a scroll of fog {unknown}
 v - 2 scrolls of teleportation {unknown}
Potions
 a - a potion of lignification
 c - 2 potions of brilliance {unknown}
 j - a potion of heal wounds {unknown}
 o - a potion of resistance {unknown}
 t - a potion of berserk rage {unknown}
 u - a potion of mutation {unknown}
 w - 2 potions of curing {unknown}


   Skills:
 - Level 1.1 Fighting
 - Level 1.7 Dodging
 - Level 3.0 Unarmed Combat
 - Level 2.0 Spellcasting
 + Level 5.7 Transmutations


You had 2 spell levels left.
You knew the following spells:

 Your Spells              Type           Power      Damage    Failure   Level
a - Beastly Appendage     Tmut           36%        N/A       2%          1
b - Wereblood             Tmut           18%        N/A       3%          2
c - Spider Form           Tmut/Pois      10%        N/A       21%         3

Your spell library contained the following spells:

 Spells                   Type           Power      Damage    Failure   Level
 Ice Form                 Ice/Tmut       10%        N/A       56%         4


Dungeon Overview and Level Annotations

Branches:
Dungeon (3/15)

Altars:

Annotations:
D:3 Grinder


Innate Abilities, Weirdness & Mutations

You are a tree.
Your roots penetrate the ground, keeping you stationary.
You cannot be teleported.
You are immune to unholy pain and torment.
Your maximum health is greatly increased.
Your equipment is partially melded.
((Your plain brown scales are hard. (AC +5)))
You cannot fit into any form of body armour.
((You are cold-blooded and may be slowed by cold attacks.))


Message History

The jelly hits you. The acid corrodes you!
You are splashed with acid!
You hit the jelly but do no damage. The acid corrodes you!
Your hands burn!
You claw the jelly, but do no damage.
You headbutt the jelly, but do no damage.
The jelly is moderately wounded.
The jelly hits you. The acid corrodes you!
You are splashed with acid!
* * * LOW HITPOINT WARNING * * *
You hit the jelly but do no damage.
Your hands burn!
* * * LOW HITPOINT WARNING * * *
You claw the jelly, but do no damage. Your headbutt misses the jelly.
The jelly is moderately wounded.
Your primal bloodlust has ended.
The jelly closely misses you.
You hit the jelly.
Your hands burn!
* * * LOW HITPOINT WARNING * * *
You claw the jelly, but do no damage. You headbutt the jelly.
You tail-slap the jelly, but do no damage.
The jelly is severely wounded.
Your horns disappear.
Your talons disappear.
The jelly closely misses you.
You hit the jelly but do no damage.
Your hands burn!
* * * LOW HITPOINT WARNING * * *
The jelly is severely wounded.
The jelly barely misses you.
You hit the jelly.
Your hands burn!
* * * LOW HITPOINT WARNING * * *
You tail-slap the jelly, but do no damage.
The jelly is almost dead.
The jelly hits you.
* * * LOW HITPOINT WARNING * * *
You are splashed with acid.
* * * LOW HITPOINT WARNING * * *
Really quaff the potion of lignification?
You turn into a tree.
Your scarf of resistance melds into your body.
You feel hot and cold all over.
Your roots penetrate the ground.
The jelly hits you.
* * * LOW HITPOINT WARNING * * *
You are splashed with acid!
You die...

#.##.......#.###.#########
######.##..†###.##............#
...........## #.#############.#
######.##### #.# #.# #)# #.# #.#
# #.# #)# ###.### #.# #.# #......
#.########.#### #.#.###
#..........♣J.# #.#....
#.#.###.##.##.# #.#..## #...# #
#.# # ##.#.... #.#.###.##.#
#..<.... #.#.....##.# #..#.##.
#........... #..#)##.
#.###.#.##..#.#######....##.
######.###....#..#...............
............# #..#.#######.......


You could see a jelly.

Vanquished Creatures
  An orc priest (D:3)
  8 adders
  2 worms
  3 dart slugs
  5 orcs
  9 ball pythons
  3 endoplasms
  4 giant cockroaches
  4 goblins
  7 hobgoblins
  3 jackals (D:1)
  3 quokkas
  6 bats
  4 frilled lizards
  4 kobolds
  7 rats
73 creatures vanquished.

Notes
Turn   | Place    | Note
-------+----------+-------------------------------------------
     0 | D:1      | cdecastro the Draconian Transmuter began the quest for the
                  | Orb.
     0 | D:1      | Reached XP level 1. HP: 16/16 MP: 3/3
   424 | D:1      | Reached XP level 2. HP: 23/23 MP: 3/5
   645 | D:1      | Reached skill level 3 in Transmutations
   971 | D:2      | Learned a level 2 spell: Wereblood
  1078 | D:2      | Reached XP level 3. HP: 26/28 MP: 4/6
  1346 | D:2      | Reached skill level 4 in Transmutations
  1479 | D:2      | Reached XP level 4. HP: 34/35 MP: 5/7
  1851 | D:3      | Reached skill level 5 in Transmutations
  2004 | D:3      | Learned a level 3 spell: Spider Form
  2091 | D:3      | Reached XP level 5. HP: 40/40 MP: 8/8
  2300 | D:3      | Noticed Grinder
  2611 | D:3      | Splashed by a jelly's acid

Illustrated notes

Levels and vault maps discovered:
D:1:      roderic_dead_forest, layout_basic
D:2:      layout_rooms, minmay_snake_closets
D:3:      minmay_diamond_boxcup, layout_loops_ring, uniq_grinder

Skill      XL: |  1  2  3  4 |
---------------+-------------+-----
Transmutations | 3 4 5 |  5.7
Fighting       | |  1.1
Dodging        | |  1.7
Unarmed Combat | |  3.0
Spellcasting   | |  2.0

Action                     |  1- 3 |  4- 6 || total
---------------------------+-------+-------++-------
  Melee: Unarmed           |   105 |   134 ||   239
         Headbutt          |    14 |    12 ||    26
         Kick              |    22 |    22 ||    44
         Punch             |     4 |     1 ||     5
         Tailslap          |     8 |    17 ||    25
   Fire: Sling             |       |     5 ||     5
   Cast: Beastly Appendage |    27 |    16 ||    43
         Wereblood         |       |     3 ||     3
    Use: Potion            |       |     1 ||     1
 Armour: Skin              |    34 |    52 ||    86
  Dodge: Dodged            |    55 |    95 ||   150
